 Dungeon Crawl Stone Soup version 0.29.1-2-gbd0b4ee654 (webtiles) character file.

Game seed: 9340456971491165116

7 Mune the Insei (level 2, 0/23 HPs)
             Began as a Meteoran Transmuter on Nov 25, 2022.
             Slain by a hobgoblin (5 damage)
             ... on level 1 of the Dungeon.
             The game lasted 00:01:12 (165 turns).

Mune the Insei (Meteoran Transmuter)                 Turns: 165, Time: 00:01:12

Health: 0/23       AC:  2    Str: 11    XL:     2   Next: 23%
Magic:  5/6        EV: 12    Int: 14    God:
Gold:   26         SH:  0    Dex: 14    Spells: 5/6 levels left

rFire   . . .      SeeInvis .   g - +0 short sword
rCold   . . .      Faith    .   (no shield)
rNeg    . . .      Spirit   .   a - +0 robe
rPois   .          Reflect  .   (helmet currently unavailable)
rElec   .          Harm     .   (no cloak)
rCorr   .          Rampage  .   (no gloves)
Will    .....                   (boots currently unavailable)
Stlth   +.........              (no amulet)
HPRegen 0.07/turn               (no ring)
MPRegen 0.10/turn               (no ring)

@: appendages, glowing
A: horns 2, talons 2, sense surroundings 1, otherworldly, glowing, explore regen
a: End Transformation


You were on level 1 of the Dungeon.
You had temporarily grown beastly horns and talons.
You visited 1 branch of the dungeon, and saw 1 of its levels.

You collected 26 gold pieces.

Inventory:

Hand Weapons
 c - a +0 whip
 g - a +0 short sword (weapon)
Missiles
 f - 17 stones
Armour
 a - a +0 robe (worn)
 d - a +0 robe
Scrolls
 e - a scroll of teleportation {unknown}
Potions
 b - a potion of lignification


   Skills:
 + Level 1.1 Fighting
 + Level 2.6 Dodging
 + Level 3.9 Unarmed Combat
 + Level 2.9 Spellcasting
 + Level 2.6 Transmutations


You had 5 spell levels left.
You knew the following spells:

 Your Spells              Type           Power      Damage    Failure   Level
a - Beastly Appendage     Tmut           18%        N/A       8%          1

Your spell library contained the following spells:

 Spells                   Type           Power      Damage    Failure   Level
 Wereblood                Tmut           9%         N/A       11%         2
 Spider Form              Tmut/Pois      5%         N/A       36%         3
 Ice Form                 Ice/Tmut       5%         N/A       77%         4


Dungeon Overview and Level Annotations

Branches:
Dungeon (1/15) Zot: 433

Altars:


Innate Abilities, Weirdness & Mutations

You have temporarily grown beastly horns and talons.
You passively map a small area around you.
You are easily found by Zot.
You glow in the dark.
You regain HP and MP as you explore.


Message History

The endoplasm hits you.
You hit the endoplasm.
The endoplasm is lightly wounded.
The endoplasm misses you. The endoplasm freezes you.
You are frozen.
You hit the endoplasm.
You kill the endoplasm!
The kobold hits you with a +0 short sword.
You have reached level 2!
You hit the kobold.
You kill the kobold!
You see here a +0 short sword.
g - a +0 short sword
g - a +0 short sword (weapon)
A goblin and a bat come into view.
The goblin shouts!
You hear a shout!
Casting: Beastly Appendage (safe; 8% risk of failure)
Confirm with . or Enter, or press ? or * to list all spells.
You extend your transformation's duration.
A hobgoblin comes into view.
You hit the bat. Your kick misses the bat.
The bat is severely wounded.
The bat hits you but does no damage. The goblin hits you with a +0 club.
You barely miss the bat. Your kick misses the bat.
The bat is severely wounded.
The bat misses you. The goblin hits you with a +0 club.
You closely miss the bat. You claw the bat.
You kill the bat!
The goblin closely misses you. The goblin hits you with a +0 club.
The goblin attacks as you move away! The goblin hits you with a +0 club.
* * * LOW HITPOINT WARNING * * *
You closely miss the goblin. The goblin barely misses you.
You hit the goblin.
The goblin is heavily wounded.
The goblin closely misses you.
You closely miss the goblin. Your kick misses the goblin.
The goblin is heavily wounded.
The goblin barely misses you. The hobgoblin hits you.
You die...

#..............# ,
, #..........#####
*
#..####.......####
,
#..#...#...........
.. #...............
, ,
##.............. ,
..#.........#...,
,, , #.........#...
, ##....@...# .. ,
#..#..gg###...., ,
....#........... ,
##. #........... ,.
#............ ,
#.........###. *
#.........# ,
#..#.......# , ,
...#.......#,,


You could see a hobgoblin and a goblin.

Vanquished Creatures
  2 bats (D:1)
  2 endoplasms (D:1)
  2 kobolds (D:1)
6 creatures vanquished.

Notes
Turn   | Place    | Note
-------+----------+-------------------------------------------
     0 | D:1      | Mune the Meteoran Transmuter began the quest for the Orb.
     0 | D:1      | Reached XP level 1. HP: 16/16 MP: 5/5
   152 | D:1      | Reached XP level 2. HP: 12/23 MP: 4/6
   165 | D:1      | Slain by a hobgoblin

Illustrated notes

Levels and vault maps discovered:
D:1:      sevenhm_arrival_forest_fort_large_2, layout_basic, nicolae_titane

Action                   || total
-------------------------++-------
Melee: Whip              ||     8
       Kick              ||     2
       Unarmed           ||     1
       Headbutt          ||     1
       Short sword       ||     6
 Cast: Beastly Appendage ||     5
Armor: Robe              ||     4
Dodge: Dodged            ||    11
